 Dungeon Crawl Stone Soup version 0.29-a0-474-gdfe5cd140f (webtiles) character file.

Game seed: 14419308957715105848

9 tbonethrifty4 the Ruffian (level 2, 23/26 HPs)
             Began as a Ghoul Monk on May 23, 2022.
             Quit the game on level 2 of the Dungeon.
             The game lasted 00:06:39 (660 turns).

tbonethrifty4 the Ruffian (Ghoul Monk)               Turns: 660, Time: 00:06:39

Health: 23/26      AC:  2    Str: 14    XL:     2   Next: 12%
Magic:  1/1        EV: 12    Int:  5    God:
Gold:   39         SH:  0    Dex: 11    Spells: 1/1 levels left

rFire   . . .      SeeInvis .     - Unarmed
rCold   + . .      Faith    .   (no shield)
rNeg    + + +      Spirit   .   a - +0 robe
rPois   ∞          Reflect  .   (no helmet)
rElec   .          Harm     .   (no cloak)
rCorr   .          Rampage  .   (no gloves)
Will    .....                   (no boots)
Stlth   ++........              (no amulet)
HPRegen 0.08/turn               (no ring)
MPRegen 0.07/turn               (no ring)

@: no status effects
A: claws 1, cold resistance 1, negative energy resistance 3, inhibited
regeneration, torment resistance 2, devour on kill
a: no special abilities


You were on level 2 of the Dungeon.
You visited 1 branch of the dungeon, and saw 2 of its levels.

You collected 39 gold pieces.

Inventory:

Hand Weapons
 f - a +0 dagger
 h - a +0 short sword
 i - a +0 dagger
Missiles
 e - 20 stones (quivered)
Armour
 a - a +0 robe (worn)
 b - a +0 ring mail
 g - a +0 leather armour
 j - a +0 ring mail
Scrolls
 c - 3 scrolls of identify {unknown}
Potions
 d - 2 potions of might {unknown}


   Skills:
 + Level 3.5 Fighting
 + Level 2.8 Dodging
 + Level 2.3 Stealth
 + Level 3.5 Unarmed Combat


You had one spell level left.
You didn't know any spells.
Your spell library was empty.

Dungeon Overview and Level Annotations

Branches:
Dungeon (2/15)

Altars:


Innate Abilities, Weirdness & Mutations

You are immune to poison.
You have sharp fingernails.
Your flesh is cold resistant. (rC+)
You are immune to negative energy. (rN+++)
You do not regenerate when monsters are visible.
You are immune to unholy pain and torment.
You thrive by killing the living.


Message History

i - a +0 dagger You now have 22 gold pieces (gained 15).
You open the door.
Found a bubbling silvery potion.
There is an open door here.
A ball python comes into view.
The ball python hisses angrily.
Found a stone staircase leading down.
The ball python bites you but does no damage.
The ball python misses you.
You scratch the ball python but do no damage.
The ball python bites you. The ball python grabs you.
The ball python constricts you.
You scratch the ball python.
You kill the ball python!
You feel better.
d - 2 bubbling silvery potions (gained 1)
There is a stone staircase leading down here.
You climb downwards.
Found a scroll labelled MEGEK PONNIERI.
There is a stone staircase leading up here.
The helpless rat fails to defend itself.
You scratch the rat.
You kill the rat!
There is a stone staircase leading up here.
Found a ring mail.
Found a stone staircase leading down.
Found 8 gold pieces.
c - 3 scrolls labelled MEGEK PONNIERI (gained 1)
You see here a +0 ring mail.
You see here a +0 ring mail.
j - a +0 ring mail
Found 6 gold pieces.
You now have 30 gold pieces (gained 8).
Found 3 gold pieces.
You now have 36 gold pieces (gained 6).
Found a stone staircase leading up.
You now have 39 gold pieces (gained 3).
Okay, then.
Are you sure you want to abandon this character and quit the game? (Confirm with "yes".)

## ...... .. ....# #.
#...# # #.##.#.#
#.##......####
#............# #
##.##.#..#.##.# ...
.........#.##.##.....
......#.>#...@...<...
......#..####.##.....
##.####..####.# ...
#............# #
#######.###### #.#
####.#### #.......#
#.##.##.#


There were no monsters in sight!

Vanquished Creatures
  An endoplasm (D:1)
  2 goblins (D:1)
  A hobgoblin (D:1)
  A kobold (D:1)
  A ball python (D:1)
  A frilled lizard (D:1)
  A rat (D:2)
  A bush (D:1)
9 creatures vanquished.

Notes
Turn   | Place    | Note
-------+----------+-------------------------------------------
     0 | D:1      | tbonethrifty4 the Ghoul Monk began the quest for the Orb.
     0 | D:1      | Reached XP level 1. HP: 19/19 MP: 0/0
   576 | D:1      | Reached XP level 2. HP: 15/26 MP: 1/1
   660 | D:2      | Quit the game

Illustrated notes

Levels and vault maps discovered:
D:1:      sevenhm_arrival_forest_fort_small_4, layout_basic
D:2:      layout_loops_cross, serial_shops, shop, minmay_ruptured

Action                   || total
-------------------------++-------
Melee: Unarmed           ||   107
       Punch             ||     4
  Use: Potion            ||     1
 Stab: Sleeping          ||     3
       Distracted        ||     1
Armor: Robe              ||     3
Dodge: Dodged            ||    14

Table legend: (Time is in decaauts)
 A = Elapsed time spent in this place.
 B = Non-inter-level travel time spent in this place.
 C = Inter-level travel time spent in this place.
 D = Time resting spent in this place.
 E = Time spent auto-exploring this place.
 F = Levels seen in this place.
 G = Mean time per level.
                   A        B        C        D        E       F      G
               +--------+--------+--------+--------+--------+-----+--------+
         Total |    665 |    665 |      0 |      0 |      0 |   2 |  332.5 |
       Dungeon |    665 |    665 |      0 |      0 |      0 |   2 |  332.5 |
               +--------+--------+--------+--------+--------+-----+--------+

Top non-repeatable levels by time:
     D:1: 623 daAuts
     D:2: 41 daAuts
